Map: Abyssal Reef LE

Players

Beren

  • Race: Protoss Protoss
  • League: Diamond
  • Spawn Location: 5:00

bitshift - Winner!

  • Race: Zerg Zerg
  • League: Diamond
  • Spawn Location: 11:00

VOD

Have the link to the VOD?

Description

Time

  • Played on: Oct. 12, 2017, 1:45 a.m.
  • Length: 16:45
Show
View Real Time Build Order
Export as new Build Order

Beren Protoss 

Build Orders: 1 Gate Expand, Double Forge, Zealot Archon 

Get SALT Encoding   

  12  0:01  Probe (Chrono Boost)  
  13  0:11  Probe (Chrono Boost)  
  14  0:27  Probe (Chrono Boost)  
  15  0:29  Pylon  
  15  0:48  Probe (Chrono Boost), Gateway  
  16  0:58  Assimilator, Probe (Chrono Boost)  
  17  1:09  Probe (Chrono Boost)  
  18  1:19  Probe (Chrono Boost)  
  19  1:30  Probe (Chrono Boost)  
  20  1:33  Nexus  
  20  1:40  Probe (Chrono Boost)  
  20  1:42  Cybernetics Core  
  21  1:48  Assimilator  
  21  1:51  Probe (Chrono Boost)  
  22  2:01  Pylon  
  22  2:04  Probe (Chrono Boost)  
  23  2:19  Probe (Chrono Boost)  
  23  2:21  Adept (Chrono Boost)  
  26  2:23  Warp Gate  
  26  2:28  Pylon  
  26  2:39  Probe  
  27  2:45  Adept (Chrono Boost)  
  27  2:47  Probe  
  30  2:51  Probe  
  30  2:52  Pylon  
  30  2:56  Mothership Core  
  33  3:09  Robotics Facility  
  33  3:14  Gateway  
  33  3:20  Probe x2 (Chrono Boost)  
  35  3:29  Adept  
  35  3:31  Probe (Chrono Boost)  
  35  3:32  Probe (Chrono Boost)  
  39  3:42  Probe x2 (Chrono Boost)  
  39  3:47  Forge  
  41  3:52  Probe (Chrono Boost)  
  41  3:53  Probe (Chrono Boost)  
  43  4:03  Probe (Chrono Boost)  
  43  4:05  Pylon  
  43  4:06  Probe (Chrono Boost)  
  45  4:10  Assimilator, Observer  
  45  4:12  Assimilator  
  45  4:13  Probe (Chrono Boost)  
  47  4:24  Probe x2 (Chrono Boost)  
  47  4:29  Photon Cannon  
  47  4:31  Photon Cannon  
  47  4:32  Observer  
  47  4:35  Stalker x2  
  52  4:42  Probe x2 (Chrono Boost)  
  55  4:53  Probe x2 (Chrono Boost), Twilight Council  
  55  4:55  Gateway, Forge  
  56  5:04  Probe x2 (Chrono Boost)  
  58  5:18  Stalker  
  60  5:23  Nexus  
  60  5:26  Pylon, Protoss Ground Armor Level 1 (Chrono Boost)  
  60  5:30  Protoss Ground Weapons Level 1 (Chrono Boost)  
  60  5:32  Charge  
  60  5:38  Pylon  
  60  5:44  Stalker x2  
  64  6:01  Immortal  
  68  6:04  Templar Archives  
  68  6:06  Probe x2 (Chrono Boost)  
  68  6:10  Photon Cannon  
  70  6:15  Pylon  
  70  6:17  Probe x2 (Chrono Boost)  
  72  6:25  Pylon  
  72  6:27  Probe x2 (Chrono Boost)  
  72  6:28  Pylon  
  72  6:30  Zealot x2  
  72  6:31  Pylon  
  78  6:35  Zealot  
  78  6:39  Probe x2 (Chrono Boost)  
  83  6:40  Probe (Chrono Boost), Psionic Storm  
  83  6:47  Immortal  
  87  6:55  High Templar x2  
  87  6:59  High Templar  
  93  7:02  Archon  
  93  7:03  Probe  
  93  7:04  Probe  
  93  7:05  Probe  
  96  7:09  Assimilator x2  
  96  7:13  Probe  
  97  7:16  Probe  
  97  7:17  Probe  
  97  7:19  Blink  
  97  7:21  Gateway  
  97  7:22  Gateway  
  99  7:26  Probe  
  99  7:29  Probe x2  
  102  7:32  High Templar x2  
  102  7:34  High Templar  
  108  7:43  Probe  
  108  7:44  Protoss Ground Weapons Level 2  
  108  7:45  Probe x2  
  108  7:46  Gateway  
  108  7:48  Gateway  
  108  7:49  Gateway  
  111  7:56  Probe  
  111  7:57  Probe  
  113  8:03  Protoss Ground Armor Level 2  
  113  8:07  Zealot x3  
  119  8:21  Nexus  
  119  8:24  Pylon  
  119  8:28  Pylon, Immortal  
  119  8:29  Zealot x2  
  119  8:30  Zealot x2  
  119  8:31  Pylon  
  131  8:46  Zealot x4  
  139  8:53  Photon Cannon  
  139  8:54  Photon Cannon  
  139  8:55  Photon Cannon  
  139  8:57  Photon Cannon  
  139  8:58  Photon Cannon  
  139  9:02  High Templar x4  
  135  9:22  Stalker x4  
  143  9:24  Archon  
  143  9:25  Archon  
  143  9:35  Pylon  
  143  9:36  Pylon, Warp Prism  
  145  9:38  Pylon  
  145  9:39  Stalker x4  
  145  9:40  Pylon  
  145  9:44  Pylon  
  149  9:46  Pylon  
  127  10:12  Observer  
  112  10:14  Archon  
  112  10:15  Zealot x6, Archon  
  112  10:16  Zealot x2  
  123  10:34  Immortal  
  123  10:36  Zealot x5  
  123  10:37  Zealot x3  
  123  10:41  Protoss Ground Weapons Level 3  
  103  10:55  Probe  
  103  10:56  Probe x2  
  106  11:02  Protoss Ground Armor Level 3  
  106  11:04  Zealot x5  
  108  11:05  Probe  
  108  11:06  High Templar x3  
  108  11:08  Probe  
  108  11:10  Archon  
  124  11:13  Immortal  
  128  11:26  Stalker x3  
  128  11:27  Stalker x2  
  138  11:36  Probe  
  138  11:37  Probe  
  140  11:41  Assimilator, High Templar x3  
  140  11:45  Assimilator  
  146  11:52  Immortal  
  150  11:57  High Templar x2  
  150  11:58  Zealot x3  
  160  12:04  Probe  
  160  12:05  Probe  
  160  12:06  Probe  
  163  12:14  Probe  
  163  12:15  Gateway  
  163  12:17  Probe, Stalker x3  
  163  12:18  Probe  
  163  12:20  Gateway  
  172  12:23  Zealot x3  
  178  12:31  Immortal  
  178  12:33  High Templar x2  
  178  12:37  Archon  
  186  12:42  High Templar x2  
  186  12:44  High Templar x2  
  192  12:47  Archon  
  192  12:48  Archon  
  192  12:49  Zealot x2  
  198  13:03  Protoss Shields Level 1  
  123  13:58  Archon  
  123  13:59  Archon  
  111  14:04  Zealot x2  
  111  14:05  Zealot x5  
  111  14:09  Cybernetics Core  
  125  14:16  Gateway  
  125  14:19  Gateway  
  121  14:36  Zealot x3  
  121  14:37  Zealot x6  
  139  14:42  Observer  
  140  14:46  Nexus  
  136  14:57  High Templar  
  136  14:58  High Templar x3  
  136  14:59  Zealot  
  146  15:00  Zealot x4  
  146  15:04  Observer  
  155  15:19  High Templar x2  
  155  15:20  Zealot x3, Pylon  
  155  15:21  Zealot x2, Pylon  
  169  15:23  Pylon, Archon  
  169  15:25  Immortal  
  169  15:27  Pylon  
  101  15:59  High Templar x4  
  101  16:00  High Templar x2  
  101  16:01  Stalker x5  
  115  16:04  Immortal, Archon x3  
  109  16:26  Stargate x2  
  109  16:27  Stargate  
  107  16:35  Zealot x6  
  107  16:36  Zealot x4  
Show
View Real Time Build Order
Export as new Build Order

bitshift Zerg - Winner!

Build Orders: Hatch First, Lurkers 

Get SALT Encoding   

  12  0:01  Drone  
  13  0:13  Overlord  
  13  0:17  Drone  
  14  0:32  Drone x2  
  16  0:37  Drone  
  17  0:54  Hatchery  
  16  0:58  Drone  
  16  1:00  Drone  
  18  1:14  Extractor  
  18  1:16  Spawning Pool  
  16  1:24  Drone x2  
  18  1:36  Drone  
  19  1:45  Overlord  
  19  2:07  Queen x2  
  23  2:09  Zergling x2  
  23  2:11  Drone x2  
  23  2:13  Drone  
  27  2:20  Drone  
  28  2:26  Metabolic Boost  
  28  2:30  Drone x2  
  30  2:42  Hatchery  
  29  2:48  Overlord  
  29  3:00  Drone  
  29  3:01  Drone x4  
  34  3:06  Queen  
  34  3:08  Drone  
  34  3:12  Drone  
  38  3:15  Drone  
  38  3:16  Drone x2  
  41  3:22  Overlord  
  41  3:23  Overlord  
  40  3:34  Zergling x4  
  40  3:35  Zergling x2  
  43  3:58  Queen  
  43  3:59  Drone x10  
  55  4:06  Overlord  
  55  4:07  Drone x2  
  56  4:13  Drone  
  56  4:18  Zergling x4  
  56  4:22  Queen  
  60  4:25  Drone x6  
  60  4:28  Spore Crawler  
  60  4:29  Spore Crawler  
  60  4:30  Spore Crawler  
  62  4:41  Overlord x2  
  62  4:42  Queen  
  64  4:46  Extractor  
  64  4:49  Baneling Nest  
  64  4:52  Evolution Chamber  
  61  4:59  Extractor, Drone x2  
  62  5:00  Drone x3  
  62  5:01  Drone x3  
  67  5:11  Lair  
  67  5:13  Drone x3  
  70  5:18  Queen x2  
  74  5:25  Drone  
  74  5:26  Drone x2  
  77  5:29  Zergling x8  
  77  5:31  Overlord x4  
  81  5:50  Zerg Melee Weapons Level 1  
  81  6:07  Extractor  
  81  6:08  Extractor  
  81  6:09  Drone x3  
  81  6:10  Drone x3  
  81  6:11  Hatchery, Drone x2  
  87  6:13  Extractor, Drone  
  87  6:14  Drone x3  
  87  6:18  Hydralisk Den  
  88  6:22  Hatchery  
  87  6:31  Zergling x24  
  99  6:41  Overseer  
  99  6:48  Centrifical Hooks  
  97  7:10  Drone  
  97  7:11  Drone x12  
  110  7:22  Muscular Augments, Hydralisk  
  110  7:23  Hydralisk x4  
  110  7:25  Overlord x2  
  110  7:26  Overlord x3  
  120  7:39  Extractor  
  120  7:41  Hydralisk x3  
  120  7:42  Hydralisk, Infestation Pit  
  126  7:44  Overlord  
  126  7:45  Hydralisk x5  
  126  7:47  Zerg Melee Weapons Level 2  
  136  8:13  Drone  
  136  8:14  Drone x2  
  139  8:24  Baneling x11  
  139  8:43  Overlord x3  
  139  8:44  Hydralisk x4  
  139  8:45  Hydralisk x9  
  139  8:46  Zergling x4  
  139  8:47  Zergling x14  
  173  9:08  Baneling x15  
  173  9:16  Baneling x13  
  165  9:21  Hive  
  165  9:29  Extractor  
  164  9:37  Drone  
  165  9:45  Hatchery  
  161  9:52  Hatchery  
  155  9:55  Overlord  
  155  9:56  Overlord  
  155  10:03  Zerg Missile Weapons Level 1, Evolution Chamber  
  132  10:11  Zergling x48  
  132  10:12  Zergling x10  
  144  10:17  Zergling x2  
  144  10:27  Lurker Den  
  134  10:38  Hydralisk x12  
  134  10:57  Baneling x3  
  134  10:58  Hydralisk x14  
  162  11:14  Pathogen Glands, Spire, Infestor  
  162  11:17  Zergling x16  
  171  11:20  Overlord  
  171  11:26  Drone  
  172  11:34  Overseer  
  172  11:35  Overseer  
  172  11:41  Extractor x2  
  170  11:57  Zerg Melee Weapons Level 3  
  170  12:11  Drone  
  170  12:12  Drone x2  
  173  12:16  Lurker x2  
  173  12:17  Lurker x4  
  173  12:22  Lurker x3  
  182  12:23  Lurker x2  
  182  12:27  Baneling  
  182  12:28  Baneling x14  
  182  12:29  Corruptor x2  
  188  12:55  Extractor x2  
  184  13:23  Corruptor x4  
  184  13:24  Corruptor x2  
  181  13:35  Hydralisk x12  
  181  13:36  Hydralisk x2  
  195  13:46  Corruptor x2  
  195  13:47  Hydralisk  
  195  13:48  Hydralisk x10  
  163  14:03  Greater Spire  
  163  14:07  Zergling x14  
  163  14:08  Zergling x46  
  191  14:11  Adrenal Glands  
  191  14:14  Lurker x3  
  190  14:41  Drone  
  177  14:58  Baneling  
  177  14:59  Baneling x16  
  177  15:18  Brood Lord  
  177  15:19  Brood Lord x6  
  191  15:22  Zergling x18  
  200  15:29  Ultralisk Cavern  
  156  15:54  Zergling x44  
  158  16:23  Overseer x3  
  156  16:35  Lurker x5  
Tags
 
Add a new tag
Caveats
  • Supply blocks, unpowered buildings, or Contaminate may cause inaccurate times.
  • Supply counts are checked every 10 seconds.